General information
- name: BNet
- type: Ladder team game (AT/RT)
- host: Battle.net
- saver: Wetting.Seat
map: RiverOfSouls
- players: 6
- length: 26:02
- speed: Fast
- version: 1.26 W3XP
- replay type: Public
» download(147 KB)
Players
team 1 (loser)
2.ez. (
blue | 44 APM | 1154 actions | 25:56)
2 Blademaster
1 Wind Walk
1 Critical Strike
» actions
| Assign group hotkey | 3 | |
| Build / train | 89 | |
| Enter build submenu | 41 | |
| Enter hero's abilities submenu | 2 | |
| Give item / drop item | 1 | |
| Right click | 437 | |
| Select / deselect | 495 | |
| Select group hotkey | 2 | |
| Use ability | 84 | |
1154 total
» units
| Peon | 20 | |
| Grunt | 4 | |
| Troll Batrider | 24 | |
| Demolisher | 17 | |
65 total
» upgrades
| Armor | 1 | |
| Ranged Weapons | 3 | |
| Liquid Fire | 1 | |
| Reinforced Defenses | 1 | |
| Spiked Barricades | 1 | |
| Burning Oil | 1 | |
8 total
» buildings
| Altar of Storms | 1 | |
| Orc Burrow | 4 | |
| Barracks | 3 | |
| War Mill | 2 | |
| Voodoo Lounge | 1 | |
| Stronghold | 2 | |
| Watch Tower | 23 | |
| Beastiary | 2 | |
| Fortress | 2 | |
40 total
» build order
00:07 Altar of Storms
00:12 Orc Burrow
00:32 Barracks
01:48 Orc Burrow
02:18 War Mill
02:39 Voodoo Lounge
02:59 Stronghold
03:00 Stronghold
03:48 Watch Tower
03:50 Watch Tower
04:42 Watch Tower
04:55 Watch Tower
05:25 Beastiary
06:14 Beastiary
06:40 Orc Burrow
07:22 Fortress
07:39 Orc Burrow
11:04 Watch Tower
13:28 Watch Tower
13:31 Watch Tower
13:46 Watch Tower
13:48 Watch Tower
14:18 Watch Tower
14:20 Watch Tower
14:31 Watch Tower
15:11 Watch Tower
15:43 Watch Tower
16:02 Watch Tower
16:37 Watch Tower
16:56 Watch Tower
17:24 Watch Tower
17:53 Watch Tower
18:21 Watch Tower
18:50 War Mill
19:11 Watch Tower
19:31 Watch Tower
20:44 Watch Tower
21:41 Barracks
22:27 Barracks
» items
| Boots of Speed | 1 | |
| Healing Salve | 1 | |
| Lesser Clarity Potion | 1 | |
3 total
4E.FiRe (
teal | 65 APM | 1694 actions | 25:59)
3 Priestess of the Moon
1 Searing Arrows
1 Trueshot Aura
1 Scout
» actions
| Basic commands | 1 | |
| Build / train | 71 | |
| Enter build submenu | 30 | |
| Enter hero's abilities submenu | 3 | |
| Remove unit from queue | 1 | |
| Right click | 866 | |
| Select / deselect | 656 | |
| Use ability | 65 | |
1694 total
» units
| Wisp | 45 | |
| Huntress | 4 | |
| Hippogryph | 8 | |
| Chimaera | 6 | |
63 total
» upgrades
» buildings
| Altar of Elders | 1 | |
| Moon Well | 6 | |
| Hunter's Hall | 1 | |
| Ancient of War | 2 | |
| Ancient Protector | 12 | |
| Tree of Ages | 1 | |
| Tree of Eternity | 1 | |
| Ancient of Wind | 2 | |
| Chimaera Roost | 2 | |
| Tree of Life | 2 | |
30 total
» build order
00:09 Altar of Elders
00:13 Moon Well
01:29 Hunter's Hall
01:55 Ancient of War
02:23 Ancient of War
02:46 Moon Well
03:47 Ancient Protector
04:26 Ancient Protector
05:05 Moon Well
05:47 Tree of Ages
06:38 Moon Well
07:07 Ancient Protector
08:54 Tree of Eternity
08:58 Ancient of Wind
09:28 Moon Well
10:54 Ancient Protector
11:10 Ancient Protector
12:13 Chimaera Roost
12:17 Chimaera Roost
12:33 Ancient of Wind
13:12 Tree of Life
13:26 Tree of Life
13:52 Ancient Protector
14:28 Ancient Protector
16:25 Ancient Protector
16:28 Ancient Protector
16:30 Ancient Protector
16:35 Ancient Protector
22:28 Ancient Protector
22:33 Moon Well
nKo- (
green | 35 APM | 918 actions | 26:00)
4 Death Knight
2 Death Coil
2 Unholy Aura
1 Lich
1 Frost Nova
» actions
| Assign group hotkey | 12 | |
| Basic commands | 9 | |
| Build / train | 48 | |
| Enter build submenu | 15 | |
| Enter hero's abilities submenu | 5 | |
| Give item / drop item | 2 | |
| Right click | 302 | |
| Select / deselect | 225 | |
| Select group hotkey | 254 | |
| Use ability | 46 | |
918 total
» units
| Acolyte | 4 | |
| Ghoul | 3 | |
| Crypt Fiend | 11 | |
| Obsidian Statue | 2 | |
| Frost Wyrm | 5 | |
25 total
» upgrades
| Creature Attack | 3 | |
| Web | 1 | |
| Creature Carapace | 3 | |
| Freezing Breath | 1 | |
8 total
» buildings
| Graveyard | 1 | |
| Crypt | 1 | |
| Altar of Darkness | 1 | |
| Ziggurat | 7 | |
| Tomb of Relics | 1 | |
| Halls of the Dead | 1 | |
| Slaughterhouse | 1 | |
| Black Citadel | 1 | |
| Spirit Tower | 5 | |
| Sacrificial Pit | 1 | |
| Boneyard | 1 | |
21 total
» build order
00:11 Graveyard
00:13 Crypt
00:30 Altar of Darkness
00:47 Ziggurat
01:03 Tomb of Relics
01:29 Ziggurat
03:31 Ziggurat
03:48 Halls of the Dead
05:23 Ziggurat
06:07 Ziggurat
06:15 Slaughterhouse
06:58 Black Citadel
07:19 Spirit Tower
07:32 Spirit Tower
07:36 Spirit Tower
08:58 Sacrificial Pit
09:03 Spirit Tower
09:54 Boneyard
11:02 Ziggurat
11:04 Ziggurat
13:04 Spirit Tower
» items
team 2 (winner)
slamdunkler (
yellow | 41 APM | 1071 actions | 26:01)
7 Pandaren Brewmaster
3 Breath of Fire
3 Drunken Brawler
1 Storm Earth and Fire
» actions
| Assign group hotkey | 5 | |
| Basic commands | 10 | |
| Build / train | 36 | |
| Enter build submenu | 57 | |
| Enter hero's abilities submenu | 7 | |
| Give item / drop item | 1 | |
| Right click | 540 | |
| Select / deselect | 146 | |
| Select group hotkey | 173 | |
| Use ability | 96 | |
1071 total
» units
» upgrades
| Ultravision | 1 | |
| Well Spring | 1 | |
| Nature's Blessing | 1 | |
3 total
» buildings
| Altar of Elders | 1 | |
| Moon Well | 48 | |
| Tree of Ages | 1 | |
| Hunter's Hall | 1 | |
| Tree of Eternity | 1 | |
52 total
» build order
00:10 Altar of Elders
00:30 Moon Well
03:37 Moon Well
03:59 Moon Well
04:23 Moon Well
04:55 Moon Well
05:54 Moon Well
05:58 Moon Well
06:24 Moon Well
06:27 Moon Well
07:18 Moon Well
07:24 Moon Well
07:35 Moon Well
07:39 Moon Well
07:47 Moon Well
07:50 Moon Well
08:48 Moon Well
08:51 Moon Well
09:09 Tree of Ages
09:25 Moon Well
09:49 Hunter's Hall
10:15 Moon Well
10:20 Moon Well
11:22 Moon Well
11:58 Tree of Eternity
12:15 Moon Well
12:37 Moon Well
13:23 Moon Well
14:19 Moon Well
15:32 Moon Well
15:54 Moon Well
15:57 Moon Well
16:03 Moon Well
16:07 Moon Well
17:07 Moon Well
17:10 Moon Well
17:13 Moon Well
17:38 Moon Well
17:39 Moon Well
17:43 Moon Well
18:30 Moon Well
18:33 Moon Well
18:36 Moon Well
19:06 Moon Well
20:41 Moon Well
20:45 Moon Well
22:00 Moon Well
22:05 Moon Well
24:31 Moon Well
24:49 Moon Well
24:50 Moon Well
25:31 Moon Well
» items
| Staff of Teleportation | 1 | |
| Scroll of Town Portal | 5 | |
| Orb of Lightning | 1 | |
7 total
sweating.wheat (
purple | 65 APM | 1688 actions | 26:01)
6 Pandaren Brewmaster
3 Breath of Fire
2 Drunken Brawler
1 Storm Earth and Fire
» actions
| Assign group hotkey | 59 | |
| Basic commands | 5 | |
| Build / train | 68 | |
| Enter build submenu | 29 | |
| Enter hero's abilities submenu | 6 | |
| Give item / drop item | 3 | |
| Right click | 931 | |
| Select / deselect | 194 | |
| Select group hotkey | 262 | |
| Use ability | 131 | |
1688 total
» units
» upgrades
| Spiked Barricades | 3 | |
| Liquid Fire | 1 | |
| Envenomed Spears | 1 | |
| Reinforced Defenses | 1 | |
| Armor | 3 | |
9 total
» buildings
| War Mill | 1 | |
| Orc Burrow | 4 | |
| Altar of Storms | 1 | |
| Watch Tower | 12 | |
| Stronghold | 1 | |
| Voodoo Lounge | 4 | |
| Fortress | 1 | |
| Beastiary | 5 | |
29 total
» build order
00:07 War Mill
00:11 Orc Burrow
01:06 Altar of Storms
01:33 Watch Tower
01:58 Watch Tower
02:19 Orc Burrow
02:43 Watch Tower
03:10 Watch Tower
03:35 Watch Tower
04:08 Watch Tower
04:19 Watch Tower
05:00 Watch Tower
05:08 Watch Tower
05:21 Watch Tower
05:43 Watch Tower
06:14 Stronghold
07:21 Watch Tower
07:37 Voodoo Lounge
07:39 Voodoo Lounge
08:27 Voodoo Lounge
08:41 Fortress
08:42 Beastiary
08:45 Beastiary
08:47 Beastiary
08:49 Orc Burrow
08:52 Orc Burrow
09:05 Voodoo Lounge
10:15 Beastiary
11:15 Beastiary
» items
| Boots of Speed | 1 | |
| Staff of Teleportation | 1 | |
| Scroll of Speed | 5 | |
| Lesser Clarity Potion | 2 | |
| Healing Salve | 1 | |
| Orb of Lightning | 1 | |
| Circlet of Nobility | 1 | |
12 total
Wetting.Seat (
orange | 70 APM | 1821 actions | 26:02)
6 Pandaren Brewmaster
3 Breath of Fire
2 Drunken Brawler
1 Storm Earth and Fire
» actions
| Assign group hotkey | 67 | |
| Basic commands | 18 | |
| Build / train | 101 | |
| ESC pressed | 3 | |
| Enter build submenu | 59 | |
| Enter hero's abilities submenu | 6 | |
| Give item / drop item | 3 | |
| Remove unit from queue | 1 | |
| Right click | 744 | |
| Select / deselect | 255 | |
| Select group hotkey | 395 | |
| Use ability | 169 | |
1821 total
» units
| Peasant | 16 | |
| Sorceress | 1 | |
| Dragonhawk Rider | 3 | |
| Gryphon Rider | 2 | |
22 total
» upgrades
| Masonry | 3 | |
| Magic Sentry | 1 | |
| Sorceress Training | 1 | |
| Storm Hammers | 1 | |
| Swords | 3 | |
| Armor | 3 | |
| Animal War Training | 1 | |
| Cloud | 1 | |
14 total
» buildings
| Farm | 7 | |
| Lumber Mill | 1 | |
| Scout Tower | 56 | |
| Altar of Kings | 1 | |
| Arcane Tower | 8 | |
| Guard Tower | 33 | |
| Keep | 1 | |
| Arcane Sanctum | 1 | |
| Castle | 3 | |
| Blacksmith | 1 | |
| Gryphon Aviary | 2 | |
| Arcane Vault | 1 | |
| Barracks | 1 | |
116 total
» build order
00:13 Farm
00:20 Lumber Mill
00:47 Scout Tower
00:56 Scout Tower
01:01 Scout Tower
01:10 Altar of Kings
01:16 Arcane Tower
01:22 Scout Tower
01:37 Arcane Tower
01:57 Arcane Tower
01:57 Arcane Tower
01:58 Arcane Tower
02:04 Farm
02:10 Scout Tower
02:13 Scout Tower
02:39 Scout Tower
02:41 Scout Tower
02:42 Guard Tower
02:43 Scout Tower
03:11 Guard Tower
03:12 Scout Tower
03:13 Scout Tower
03:14 Scout Tower
03:15 Scout Tower
03:16 Guard Tower
03:33 Guard Tower
03:40 Guard Tower
03:41 Scout Tower
03:53 Guard Tower
03:53 Guard Tower
04:00 Guard Tower
04:02 Scout Tower
04:19 Guard Tower
04:20 Scout Tower
04:21 Guard Tower
04:30 Scout Tower
04:40 Guard Tower
04:40 Guard Tower
04:41 Scout Tower
04:46 Guard Tower
04:55 Scout Tower
04:56 Guard Tower
05:16 Guard Tower
05:18 Scout Tower
05:19 Scout Tower
05:36 Scout Tower
05:36 Scout Tower
05:37 Scout Tower
05:38 Scout Tower
05:39 Guard Tower
05:41 Keep
06:07 Guard Tower
06:08 Scout Tower
06:08 Scout Tower
06:08 Scout Tower
06:49 Guard Tower
06:53 Scout Tower
06:56 Scout Tower
06:57 Scout Tower
07:24 Guard Tower
07:28 Scout Tower
07:39 Guard Tower
07:59 Arcane Tower
08:37 Scout Tower
08:37 Scout Tower
08:52 Arcane Sanctum
09:05 Castle
09:05 Castle
09:07 Blacksmith
09:16 Guard Tower
09:18 Scout Tower
09:18 Scout Tower
09:27 Scout Tower
09:28 Scout Tower
09:28 Scout Tower
09:29 Scout Tower
10:06 Guard Tower
10:13 Guard Tower
10:16 Scout Tower
10:16 Scout Tower
10:19 Scout Tower
10:36 Guard Tower
10:56 Guard Tower
11:02 Farm
11:06 Farm
12:25 Arcane Tower
12:34 Scout Tower
12:36 Scout Tower
12:39 Scout Tower
12:39 Scout Tower
12:41 Scout Tower
12:42 Scout Tower
12:42 Scout Tower
14:14 Guard Tower
15:33 Guard Tower
15:36 Scout Tower
15:36 Scout Tower
15:37 Scout Tower
15:37 Scout Tower
15:42 Gryphon Aviary
15:43 Gryphon Aviary
16:09 Scout Tower
16:09 Scout Tower
16:11 Guard Tower
17:33 Arcane Vault
18:27 Guard Tower
18:32 Barracks
19:29 Farm
19:30 Farm
21:12 Guard Tower
» items
| Boots of Speed | 1 | |
| Staff of Teleportation | 4 | |
| Lesser Clarity Potion | 3 | |
| Healing Salve | 1 | |
| Orb of Lightning | 1 | |
| Scroll of Speed | 1 | |
| Scroll of Town Portal | 1 | |
12 total
Chat log
(00:02 / Allies) Wetting.Seat: hackign massers
(00:03 / Allies) Wetting.Seat: o well
(00:22 / Allies) Wetting.Seat: micahel be sure to feed me
(00:39 / Allies) Wetting.Seat: tommy u a bit too
(00:43 / Allies) Wetting.Seat: im not gonna wait on orc towers
(00:44 / Allies) Wetting.Seat: for top ranmp
(01:16 / Allies) Wetting.Seat: ekep feeding
(01:18 / Allies) Wetting.Seat: 5 at a time
(01:30 / Allies) sweating.wheat: tavern wixp
(01:31 / Allies) Wetting.Seat: need 5 wood
(01:50 / Allies) Wetting.Seat: there shall be no towers
(01:52 / Allies) Wetting.Seat: not now and not ever
(02:29 / Allies) Wetting.Seat: jsut me hero?
(02:31 / Allies) Wetting.Seat: gogo elf base
(03:07 / Allies) Wetting.Seat: oh come on
(03:21 / Allies) Wetting.Seat: b if u can alive
(03:23 / Allies) sweating.wheat: im out
(03:27 / Allies) Wetting.Seat: we dont go panda for its mighty melee power
(03:44 / Allies) sweating.wheat: im trying for their side boots
(03:49 / Allies) Wetting.Seat: k i get our side
(03:57 / Allies) Wetting.Seat: wood
(04:14 / Allies) Wetting.Seat: lets creep that
(04:43 / Allies) sweating.wheat: alex u never shared control
(04:43 / Allies) Wetting.Seat: keep towering
(05:49 / Allies) Wetting.Seat: last hit
(06:37 / Allies) Wetting.Seat: u guys creep tobvgehterh
(06:39 / Allies) Wetting.Seat: i miltilta creep
(06:50 / Allies) sweating.wheat: micahel wewere are u
(06:54 / Allies) slamdunkler: bottom
(07:18 / Allies) Wetting.Seat: mana stome
(07:20 / Allies) Wetting.Seat: and str tome
(07:31 / Allies) sweating.wheat: no wells
(08:02 / Allies) slamdunkler: sentry?
(08:38 / Allies) Wetting.Seat: bats on time
(08:55 / Allies) Wetting.Seat: wood
(09:24 / Allies) sweating.wheat: they have bats
(09:31 / Allies) Wetting.Seat: good
(09:33 / Allies) Wetting.Seat: thats somethign for u to bat
(10:52 / Allies) Wetting.Seat: hoyl shit they gave very last creep to the dk
(10:53 / Allies) sweating.wheat: bats are south
(10:53 / Allies) Wetting.Seat: hes elvel 4
(11:00 / Allies) Wetting.Seat: wait on invis
(11:04 / Allies) Wetting.Seat: to bat trade
(11:14 / Allies) Wetting.Seat: get 50 food bats tho
(11:50 / Allies) Wetting.Seat: gut
(12:04 / Allies) Wetting.Seat: get elvel 3 wells
(12:12 / Allies) Wetting.Seat: meet here
(12:16 / Allies) Wetting.Seat: we go tribreath invis in a sec
(12:52 / Allies) Wetting.Seat: ok
(13:00 / Allies) sweating.wheat: where to
(13:01 / Allies) Wetting.Seat: lets go
(13:07 / Allies) Wetting.Seat: teh ud
(13:09 / Allies) Wetting.Seat: acos and zigs
(13:20 / Allies) Wetting.Seat: dont get caught and killed
(13:30 / Allies) Wetting.Seat: michael get level 3 wells
(13:38 / Allies) slamdunkler: need t3
(13:38 / Allies) Wetting.Seat: looks liek they hack alright
(13:39 / Allies) Wetting.Seat: rofl
(13:44 / Allies) Wetting.Seat: dotn die
(13:58 / All) nKo-: nice one...
(14:04 / All) Wetting.Seat: nice hacks
(14:05 / All) Wetting.Seat: shit boy
(14:16 / Allies) Wetting.Seat: tribritheah
(14:17 / Allies) Wetting.Seat: go now
(14:22 / Allies) Wetting.Seat: tri not solo
(14:25 / Allies) Wetting.Seat: not dual
(14:34 / Allies) Wetting.Seat: get lal towers
(15:05 / Allies) Wetting.Seat: keep maign bats
(15:18 / Allies) Wetting.Seat: michael ______________________GET LEVEL 3 WELLS________________________
(15:31 / All) 2.ez.: lol yea we hack
(15:38 / Allies) sweating.wheat: there are no wells mid
(15:41 / All) 2.ez.: what about u guys
(15:50 / Allies) Wetting.Seat: tommy up build armor
(16:01 / Allies) Wetting.Seat: we need to invis tribreath something
(16:03 / Allies) Wetting.Seat: meet bottom
(16:20 / Allies) Wetting.Seat: dotn use bats on hipps with armor upgrades
(16:21 / Allies) Wetting.Seat: total waste
(16:31 / Allies) Wetting.Seat: just go for hutns
(16:34 / Allies) Wetting.Seat: no
(16:34 / Allies) Wetting.Seat: towers
(17:00 / Allies) Wetting.Seat: our breath have to include stat now
(17:51 / Allies) Wetting.Seat: follow mode
(18:05 / Allies) Wetting.Seat: b
(18:06 / Allies) Wetting.Seat: b
(18:07 / Allies) Wetting.Seat: b
(18:09 / Allies) Wetting.Seat: b
(18:12 / Allies) Wetting.Seat: tp
(18:52 / Allies) Wetting.Seat: we have to get to ud base
(18:56 / Allies) sweating.wheat: whats better a preapt or a circlet
(19:03 / Allies) Wetting.Seat: sell both
(19:10 / Allies) Wetting.Seat: aw comon
(20:16 / Allies) Wetting.Seat: im out
(20:51 / Allies) Wetting.Seat: keep workign on this
(20:53 / Allies) Wetting.Seat: hes not repairing hte main
(21:10 / Allies) sweating.wheat: theres no sentry top
(21:41 / Allies) Wetting.Seat: b
(21:45 / Allies) Wetting.Seat: ud coming
(21:47 / Allies) Wetting.Seat: b
(22:16 / Allies) Wetting.Seat: top
(22:18 / Allies) Wetting.Seat: only one of htem hacks
(22:20 / Allies) Wetting.Seat: and hes a 40 apmer
(22:23 / Allies) Wetting.Seat: so hes slow to tellt eh others
(22:30 / Allies) Wetting.Seat: try to include his birds
(22:32 / Allies) Wetting.Seat: theyr ehurt alreayd
(22:43 / Allies) Wetting.Seat: b
(23:26 / Allies) Wetting.Seat: all get there asap
(23:27 / Allies) Wetting.Seat: shit
(23:36 / Allies) Wetting.Seat: bat tha tair
(24:22 / Allies) Wetting.Seat: care
(24:24 / Allies) Wetting.Seat: no more tp eating
(25:26 / All) Wetting.Seat: blue could you explain your name?
(25:29 / All) nKo-: learn to play legit
(25:50 / Allies) Wetting.Seat: top wells are hosed
(26:00 / All) Wetting.Seat: ??